[Event "Titled Tuesday Blitz July 05 Early 2022"]
[White "Andreikin, Dmitry"]
[Black "Tari, Aryan"]
[WhiteFideId "4158814"]
[BlackFideId "1510045"]
[WhiteElo "2736"]
[BlackElo "2612"]
[Result "0-1"]
[Round "09"]
[TimeControl "180+1"]
[Date "2022.07.05"]
[WhiteClock "0:00:19"]
[BlackClock "0:00:18"]

1. d4 d5 2. c4 e6 3. Nf3 Nf6 4. g3 dxc4 5. Bg2 c5 6. O-O Nc6 7. Qa4 Bd7 8. Qxc4 b5 9. Qc3 b4 10. Qc4 Na5 11. Qa6 Qb6 12. Qxb6 axb6 13. Ne5 Rc8 14. Nxd7 Nxd7 15. d5 exd5 16. Bxd5 Nf6 17. Bf3 Bd6 18. Rd1 Be5 19. Bg2 Nc4 20. Nd2 Nxb2 21. Bxb2 Bxb2 22. Rab1 Be5 23. Nc4 Bc7 24. e4 Ke7 25. e5 Ng4 26. f4 b5 27. Bh3 bxc4 28. Bxg4 Rcd8 29. Kf2 c3 30. Bf5 g6 31. Bc2 Rxd1 32. Rxd1 c4 33. Kf3 Ra8 34. Rd4 Rxa2 35. Be4 Ba5 36. Rxc4 b3 37. g4 c2 38. f5 gxf5 39. gxf5 Bd2 40. f6+ Kd8 41. Bf5 c1=Q 0-1


[Site "https://www.chess.com"]

[Event "Titled Tuesday Blitz July 05 Early 2022"]
[White "Bortnyk, Olexandr"]
[Black "Molina, Roberto Junio Brito"]
[WhiteFideId "14120828"]
[BlackFideId "2109450"]
[WhiteElo "2723"]
[BlackElo "2432"]
[Result "1-0"]
[Round "09"]
[TimeControl "180+1"]
[Date "2022.07.05"]
[WhiteClock "0:00:42"]
[BlackClock "0:00:07"]

1. d4 d5 2. Nc3 Nf6 3. Bf4 a6 4. e3 e6 5. Nf3 c5 6. a3 b5 7. h3 Bb7 8. Bd3 c4 9. Be2 Qb6 10. O-O Be7 11. b3 cxb3 12. cxb3 O-O 13. a4 b4 14. a5 Qd8 15. Na4 Qxa5 16. Ne5 Rc8 17. Bd3 Qd8 18. Qf3 Nc6 19. Ng4 Ne4 20. Bxe4 dxe4 21. Qg3 f5 22. Ne5 Nxe5 23. Bxe5 g6 24. Rfc1 Bd5 25. Bc7 Bh4 26. Qh2 Qf8 27. Nb6 Bxb3 28. Nxa8 Rxa8 29. Bd6 Qd8 30. Bxb4 a5 31. Bxa5 Qe8 32. Bc7 Rc8 33. Qe5 Bd5 34. Bd6 Rd8 35. Ra7 Rd7 36. Rac7 Bd8 37. Rc8 Kf7 38. Bc7 Bf6 39. Qxf6+ 1-0


[Site "https://www.chess.com"]

[Event "Titled Tuesday Blitz July 05 Early 2022"]
[White "Cherniaiev, Tykhon"]
[Black "Barria Zuniga, Daniel"]
[WhiteFideId "14182360"]
[BlackFideId "3400816"]
[WhiteElo "2263"]
[BlackElo "2414"]
[Result "0-1"]
[Round "09"]
[TimeControl "180+1"]
[Date "2022.07.05"]
[WhiteClock "0:00:43"]
[BlackClock "0:00:25"]

1. Nf3 Nf6 2. d4 e6 3. c4 b6 4. g3 Bb7 5. Bg2 Be7 6. O-O O-O 7. Qc2 Na6 8. a3 d6 9. Nc3 c5 10. Rd1 cxd4 11. Nxd4 Bxg2 12. Kxg2 Rc8 13. b3 Nc5 14. Bb2 a6 15. b4 Ncd7 16. Qa4 Ne5 17. Rab1 Nxc4 18. Ba1 d5 19. Qxa6 Ra8 20. Qb7 Nd6 21. Qc6 Qb8 22. e4 Rc8 23. e5 Rxc6 24. Nxc6 Qb7 25. Nxe7+ Qxe7 26. Re1 Rxa3 27. exd6 Qd7 28. Rbc1 h5 29. h4 d4 30. Ne2 e5 31. Ng1 Qxd6 32. Nf3 Qd5 33. Bc3 Rxc3 34. Rxc3 dxc3 35. Rxe5 Qc6 36. b5 Qc4 37. Ne1 Nd5 38. Nc2 Nb4 39. Ne3 Qd3 40. Re8+ Kh7 41. Rc8 c2 42. g4 hxg4 43. Nxg4 Qe4+ 44. Kg3 Nd3 45. Rxc2 Qf4+ 46. Kh3 Qf3+ 47. Kh2 Qxg4 48. Rc3 Nf4 49. Rg3 Qxh4+ 50. Kg1 Qxg3+ 51. fxg3 Ne2+ 52. Kf2 Nd4 53. Ke3 Nxb5 54. Kd3 Nc7 55. Kc4 Kg6 56. Kb4 Kg5 57. Kc3 Kg4 58. Kd3 Kxg3 59. Kd4 Kg4 60. Ke4 Kg5 61. Ke5 Kg6 62. Kd6 Kh7 63. Kxc7 Kg8 64. Kc6 g5 65. Kxb6 Kg7 66. Kc5 Kg6 67. Kd4 Kh5 68. Ke3 Kg4 69. Kf2 Kh3 70. Kf3 g4+ 71. Kf2 Kh2 72. Ke3 g3 73. Kf4 g2 74. Kf5 g1=Q 75. Kf6 Qg6+ 76. Ke7 Qe6+ 77. Kf8 f5 78. Kg7 Qe3 79. Kf8 f4 80. Kg7 Qe2 81. Kf6 f3 82. Kf5 Kg2 83. Kg4 Kf2 84. Kf4 Qc4+ 85. Kg5 Ke3 86. Kh5 Qf4 87. Kg6 Qe5 88. Kf7 Qd6 89. Ke8 Qc7 90. Kf8 Qd7 91. Kg8 Qe7 92. Kh8 Kd2 93. Kg8 Kc1 94. Kh8 Kb2 95. Kg8 Ka3 96. Kh8 Kb4 97. Kg8 Ka5 98. Kh8 Kb6 99. Kg8 Kc7 100. Kh8 Kd6 101. Kg8 Ke5 102. Kh8 Kf5 103. Kg8 Kg6 104. Kh8 Qg7# 0-1


[Site "https://www.chess.com"]

[Event "Titled Tuesday Blitz July 05 Early 2022"]
[White "Deac, Bogdan-Daniel"]
[Black "Ibarra Jerez, Jose Carlos"]
[WhiteFideId "1226380"]
[BlackFideId "2226332"]
[WhiteElo "2648"]
[BlackElo "2628"]
[Result "1-0"]
[Round "09"]
[TimeControl "180+1"]
[Date "2022.07.05"]
[WhiteClock "0:00:04"]
[BlackClock "0:00:05"]

1. d4 Nf6 2. c4 d6 3. Nf3 g6 4. g3 Bf5 5. Bg2 Bg7 6. Qb3 Qc8 7. Nc3 Nc6 8. d5 Nd8 9. h3 O-O 10. Be3 c5 11. dxc6 Nxc6 12. Qa3 Nd7 13. Rc1 a6 14. g4 Be6 15. Nd5 h6 16. Nd4 Kh7 17. Nxe6 fxe6 18. Nf4 Nde5 19. Be4 Rf6 20. Nh5 Rf7 21. Nxg7 Kxg7 22. f4 Nd7 23. Qd3 Nf8 24. O-O Qc7 25. b4 Rd8 26. b5 Nb8 27. bxa6 Nxa6 28. Bd4+ Kg8 29. Qe3 Nc5 30. f5 exf5 31. gxf5 g5 32. Bd5 Nh7 33. Rb1 b6 34. Bxc5 dxc5 35. Bxf7+ Kxf7 36. Kg2 Rd6 37. Qe5 Nf6 38. Rf3 Qd7 39. Qe3 Rd4 40. Rxb6 Re4 41. Qd3 Qa7 42. Rxf6+ Kxf6 43. Qxe4 h5 44. Qe6+ Kg7 45. f6+ Kf8 46. fxe7+ 1-0


[Site "https://www.chess.com"]

[Event "Titled Tuesday Blitz July 05 Early 2022"]
[White "Djokic, Mihailo"]
[Black "Martinez Alcantara, Jose Eduardo"]
[WhiteFideId "976440"]
[BlackFideId "3805662"]
[WhiteElo "2246"]
[BlackElo "2703"]
[Result "0-1"]
[Round "09"]
[TimeControl "180+1"]
[Date "2022.07.05"]
[WhiteClock "0:00:02"]
[BlackClock "0:00:44"]

1. e4 a6 2. d4 g6 3. Bd3 Bg7 4. Nf3 b5 5. a4 bxa4 6. O-O Bb7 7. Nc3 d6 8. Rxa4 Nd7 9. Rb4 Qc8 10. Bf4 c5 11. dxc5 dxc5 12. Rb3 e5 13. Be3 Ngf6 14. Bc4 O-O 15. Nd5 Bxd5 16. Bxd5 Nxd5 17. Qxd5 Nf6 18. Qc4 Qc6 19. Nd2 Rfc8 20. f3 Ne8 21. Rc3 Bf8 22. Nb3 Rab8 23. Ra1 Rb5 24. Qa4 c4 25. Qxa6 Qxa6 26. Rxa6 Bb4 27. Nd2 Bxc3 28. bxc3 Rb2 29. Ra4 Nd6 30. Ra6 Ne8 31. Ra4 Rxc2 32. Nxc4 Rxc3 33. Nb6 Rd8 34. Kf2 Rc2+ 35. Kg3 f5 36. Bg5 f4+ 37. Kh3 Rdd2 38. Ra8 Kf8 39. Bh6+ Kf7 40. Ra7+ Rc7 41. Ra5 Rd6 42. Nd5 Rcd7 43. Ra8 Rd8 44. Ra7+ R6d7 45. Ra6 Nc7 46. Rf6+ Kg8 47. Nb6 Rf7 48. Rc6 Re8 49. Nc4 Rd7 50. Nd6 Re6 51. Rb6 Rexd6 0-1


[Site "https://www.chess.com"]

[Event "Titled Tuesday Blitz July 05 Early 2022"]
[White "Franca, Ricardo Bedin"]
[Black "Barp, Alberto"]
[WhiteFideId "2107066"]
[BlackFideId "872555"]
[WhiteElo "2545"]
[BlackElo "2229"]
[Result "0-1"]
[Round "09"]
[TimeControl "180+1"]
[Date "2022.07.05"]
[WhiteClock "0:00:09"]
[BlackClock "0:00:21"]

1. e4 c6 2. d4 d5 3. Nd2 dxe4 4. Nxe4 g6 5. c3 Bg7 6. h4 h6 7. h5 g5 8. f4 g4 9. g3 Be6 10. Nf2 f5 11. Bg2 Bd5 12. Bxd5 cxd5 13. Qb3 Qd7 14. Nd3 b6 15. Ne5 Bxe5 16. dxe5 e6 17. Ne2 Ne7 18. Be3 Nbc6 19. Nd4 Nxd4 20. Bxd4 Nc6 21. O-O-O Rc8 22. Kb1 Kf7 23. Qa4 Rhd8 24. Bf2 Nxe5 25. Qc2 Nf3 26. Qe2 Qa4 27. Rd3 Qe4 28. Qc2 Ne5 29. fxe5 Qxh1+ 30. Rd1 Qe4 31. Rd3 Kg7 32. Bd4 Qh1+ 33. Rd1 Qxh5 34. Qg2 Qh3 35. Qf2 Rf8 36. Be3 Rc4 37. Bf4 Re4 38. Rg1 Qh5 39. Qg2 Qg6 40. Rh1 Rh8 41. Qf1 h5 42. Qb5 h4 43. Rf1 hxg3 44. Bxg3 f4 45. Qd7+ Qf7 46. Qxf7+ Kxf7 47. Bxf4 Kg6 48. Bg3 Rh3 49. Rf6+ Kg5 50. Bf2 Rf3 0-1


[Site "https://www.chess.com"]

[Event "Titled Tuesday Blitz July 05 Early 2022"]
[White "Golubovskis, Maksims"]
[Black "Guz, Ari"]
[WhiteFideId "11608528"]
[BlackFideId "2825759"]
[WhiteElo "2163"]
[BlackElo "1913"]
[Result "0-1"]
[Round "09"]
[TimeControl "180+1"]
[Date "2022.07.05"]
[WhiteClock "0:00:02"]
[BlackClock "0:00:56"]

1. e4 c5 2. Nf3 e6 3. d4 cxd4 4. Nxd4 a6 5. c4 Nf6 6. Nc3 Qc7 7. a3 Be7 8. Be2 O-O 9. O-O d6 10. Be3 b6 11. Rc1 Bb7 12. f3 Nbd7 13. b4 Rac8 14. Qd2 Qb8 15. Rfd1 Bd8 16. Nc2 Bc7 17. Bf4 Ne5 18. Ne3 d5 19. exd5 Nxf3+ 20. Bxf3 Bxf4 21. dxe6 Bxh2+ 22. Kh1 Bxf3 23. gxf3 Bf4 24. Ncd5 Nxd5 25. cxd5 Qe5 26. exf7+ Kxf7 27. Rxc8 Rxc8 28. Re1 Re8 29. d6 Qh5+ 30. Kg1 Qg5+ 31. Kf1 Bxe3 32. Rxe3 Qxe3 33. Qd5+ Qe6 34. Qb7+ Kg6 35. d7 Qe1+ 36. Kg2 Re2+ 37. Kh3 Qh1+ 38. Kg4 Qh5+ 39. Kf4 Qf5+ 40. Kg3 Qe5+ 41. Kh3 Rh2+ 42. Kg4 h5# 0-1


[Site "https://www.chess.com"]

[Event "Titled Tuesday Blitz July 05 Early 2022"]
[White "Gracia Alvarez, Gerardo Antonio"]
[Black "Csonka, Balazs"]
[WhiteFideId "5109124"]
[BlackFideId "742910"]
[WhiteElo "2139"]
[BlackElo "2404"]
[Result "0-1"]
[Round "09"]
[TimeControl "180+1"]
[Date "2022.07.05"]
[WhiteClock "0:01:41"]
[BlackClock "0:01:44"]

1. e4 e5 2. Nf3 Nc6 3. d4 exd4 4. Nxd4 Qf6 5. Nf3 Bb4+ 6. c3 Bc5 7. Be2 Nge7 8. O-O d6 9. b4 Bb6 10. Bb2 Ng6 11. b5 Nce5 12. Nd4 Nf4 13. g3 Bh3 14. Re1 Nxe2+ 0-1


[Site "https://www.chess.com"]

[Event "Titled Tuesday Blitz July 05 Early 2022"]
[White "Hansen, Eric"]
[Black "Navarrete Mendez, Gonzalo Alberto"]
[WhiteFideId "2606771"]
[BlackFideId "5106850"]
[WhiteElo "2568"]
[BlackElo "2261"]
[Result "1-0"]
[Round "09"]
[TimeControl "180+1"]
[Date "2022.07.05"]
[WhiteClock "0:00:52"]
[BlackClock "0:00:05"]

1. e4 e5 2. Nf3 Nc6 3. Bb5 a6 4. Ba4 d6 5. O-O Bd7 6. c4 Nge7 7. Nc3 Ng6 8. Bxc6 bxc6 9. d4 Be7 10. h3 O-O 11. Be3 Qc8 12. Kh2 f5 13. exf5 Bxf5 14. dxe5 dxe5 15. Nd2 Qe6 16. Nce4 Rad8 17. Qh5 Bxe4 18. Nxe4 Qxc4 19. Qg4 Nf4 20. f3 Kh8 21. b3 Qe2 22. Bxf4 exf4 23. Rf2 Qe3 24. Rc2 Bf6 25. Rac1 Bd4 26. Rxc6 Bb6 27. Qh5 Rd7 28. Ng5 g6 29. Qh6 Rg7 30. Rxg6 Rfg8 31. Rxg7 Rxg7 32. Qf6 Qxc1 33. Qf8+ Rg8 34. Nf7# 1-0


[Site "https://www.chess.com"]

[Event "Titled Tuesday Blitz July 05 Early 2022"]
[White "Harvey, Marcus R"]
[Black "Corrales Jimenez, Fidel"]
[WhiteFideId "400092"]
[BlackFideId "3506690"]
[WhiteElo "2485"]
[BlackElo "2541"]
[Result "1-0"]
[Round "09"]
[TimeControl "180+1"]
[Date "2022.07.05"]
[WhiteClock "0:00:23"]
[BlackClock "0:00:18"]

1. d4 Nf6 2. c4 g6 3. g3 Bg7 4. Bg2 d5 5. cxd5 Nxd5 6. e4 Nb6 7. Ne2 O-O 8. Nbc3 e5 9. d5 c6 10. O-O cxd5 11. exd5 Na6 12. b3 f5 13. Ba3 Re8 14. Rc1 Bd7 15. Qd2 Rc8 16. Rc2 Qf6 17. Rfc1 e4 18. Bb2 Qd6 19. Nd4 Nxd5 20. Nxf5 Bxf5 21. Qxd5+ Qxd5 22. Nxd5 Rxc2 23. Rxc2 Bxb2 24. Rxb2 Rd8 25. Ne3 Nb4 26. g4 Be6 27. Bxe4 Rd4 28. Bxb7 Bxg4 29. a3 Nd3 30. Rd2 Be6 31. b4 Nf4 32. Rxd4 Ne2+ 33. Kf1 Nxd4 34. Ke1 Kf7 35. Kd2 Kf6 36. Kd3 Ke5 37. Bg2 Nb5 38. a4 Nd6 39. a5 Kf4 40. Kd4 Nb5+ 41. Kc5 Nc3 42. b5 g5 43. b6 axb6+ 44. axb6 Na4+ 45. Kb5 Bd7+ 46. Ka6 Nxb6 47. Kxb6 g4 48. Kc5 h5 49. Kd4 h4 50. Nf1 Be6 51. Nd2 Bc8 52. Ne4 Bf5 53. Nc5 Bg6 54. Nd3+ Kg5 55. Ne5 Bf5 56. Ke3 Kf6 57. Nd3 Kg5 58. Nf4 Bc8 59. Be4 Bd7 60. Bd5 Bf5 61. Be6 Bh7 62. Bc8 Bg8 63. Ne6+ Kf6 64. Nd4 Kg5 65. Ne2 Bd5 66. Nc3 Bf7 67. Ne4+ Kh5 68. Kf4 g3 69. fxg3 hxg3 70. hxg3 Bg6 71. g4+ Kh6 72. Bf5 Bf7 73. g5+ Kg7 74. Nf6 Ba2 75. Be4 Bf7 76. Bf3 Be6 77. Nh5+ Kg6 78. Bg4 Bb3 79. Nf6 Bc2 80. Bh5+ Kg7 81. Be8 Bb1 82. Nh5+ Kf8 83. Bc6 Kf7 84. Bf3 Bc2 85. Ke5 Kg6 86. Kf4 Kf7 87. Kg3 Kg6 88. Kh4 Kf5 89. Ng3+ Kf4 90. Bh5 Bd3 91. Bf7 Ke5 92. g6 Kf6 93. Nh5+ Ke7 94. Kg5 Kf8 95. Kf6 Bxg6 96. Bxg6 Kg8 97. Nf4 Kh8 98. Nh3 Kg8 99. Ng5 Kh8 100. Nf7+ Kg8 101. Bf5 Kf8 102. Bh7 Ke8 103. Ne5 Kf8 104. Nd7+ Ke8 105. Ke6 Kd8 106. Kd6 Ke8 107. Bg6+ Kd8 108. Bf7 Kc8 109. Nc5 Kd8 110. Nb7+ Kc8 111. Kc6 Kb8 112. Kb6 Kc8 113. Be6+ Kb8 114. Bd7 Ka8 115. Nc5 Kb8 116. Na6+ Ka8 117. Bc6# 1-0


[Site "https://www.chess.com"]

[Event "Titled Tuesday Blitz July 05 Early 2022"]
[White "Jubin Jimmy"]
[Black "Aloma Vidal, Robert"]
[WhiteFideId "46686614"]
[BlackFideId "2260409"]
[WhiteElo "2219"]
[BlackElo "2435"]
[Result "1-0"]
[Round "09"]
[TimeControl "180+1"]
[Date "2022.07.05"]
[WhiteClock "0:00:13"]
[BlackClock "0:00:01"]

1. d4 d5 2. c4 c6 3. Nc3 Nf6 4. Nf3 e6 5. Bg5 Nbd7 6. e3 h6 7. Bh4 g5 8. Bg3 Nh5 9. Be2 Nxg3 10. hxg3 Bg7 11. a3 O-O 12. Qc2 b5 13. cxb5 c5 14. Rd1 Bb7 15. dxc5 Nxc5 16. O-O Rc8 17. Qd2 Nb3 18. Qc2 Na5 19. Nd4 Nc4 20. Bxc4 Rxc4 21. Qb3 Qa5 22. Rd2 Rfc8 23. Rfd1 h5 24. Nce2 h4 25. gxh4 gxh4 26. Qd3 Qd8 27. Nc6 Bxc6 28. Qxc4 Bd7 29. Qb4 Qg5 30. Nf4 Rc4 31. Qd6 Be8 32. Qb8 Qe7 33. b3 Rc3 34. Rd3 Rc2 35. Nh5 Bh8 36. e4 Kh7 37. exd5 1-0


[Site "https://www.chess.com"]

[Event "Titled Tuesday Blitz July 05 Early 2022"]
[White "Khripachenko, Alexander"]
[Black "Maximov, Dmitry"]
[WhiteFideId "54184975"]
[BlackFideId "14105659"]
[WhiteElo "2147"]
[BlackElo "2494"]
[Result "0-1"]
[Round "09"]
[TimeControl "180+1"]
[Date "2022.07.05"]
[WhiteClock "0:00:07"]
[BlackClock "0:00:17"]

1. e4 c5 2. Nf3 d6 3. d4 cxd4 4. Nxd4 Nf6 5. f3 e6 6. c4 Nc6 7. Nc3 Be7 8. Be3 O-O 9. Be2 d5 10. exd5 exd5 11. Nxc6 bxc6 12. cxd5 Nxd5 13. Nxd5 cxd5 14. O-O Bf6 15. Bd4 Be6 16. Qd2 Rb8 17. Rfd1 Re8 18. b3 Bf5 19. Bf1 Bg5 20. Qf2 a5 21. Bd3 Bg6 22. Bxg6 hxg6 23. Rd3 Qd7 24. Rad1 a4 25. Ba7 Ra8 26. Bc5 axb3 27. axb3 Qb5 28. b4 Qc4 29. Rd4 Qb3 30. R4d3 Qc4 31. Rd4 Qa6 32. Rxd5 Re2 33. Qg3 Bh6 34. Rd8+ Rxd8 35. Rxd8+ Kh7 36. Rd1 Qa4 37. Rf1 Qc2 38. h4 Qd2 39. Bf2 Bf4 40. Qg4 f5 41. Qh3 Rxf2 42. Rxf2 Be3 0-1


[Site "https://www.chess.com"]

[Event "Titled Tuesday Blitz July 05 Early 2022"]
[White "Koridze, Lile"]
[Black "Garcia Ramos, Daniel"]
[WhiteFideId "13612514"]
[BlackFideId "32010311"]
[WhiteElo "2050"]
[BlackElo "2268"]
[Result "0-1"]
[Round "09"]
[TimeControl "180+1"]
[Date "2022.07.05"]
[WhiteClock "0:01:19"]
[BlackClock "0:01:19"]

1. d4 d5 2. c4 e6 3. Nf3 Nf6 4. g3 Bb4+ 5. Bd2 a5 6. Bg2 O-O 7. O-O dxc4 8. Ne5 Qxd4 9. Bxb4 Qxd1 10. Rxd1 axb4 11. Nxc4 Nbd7 12. Nbd2 Ra7 13. Nb3 c5 14. a4 bxa3 15. Nxa3 b6 16. Nb5 Rxa1 17. Rxa1 Ne5 18. Nd6 g5 19. f4 gxf4 20. gxf4 Neg4 21. Ra8 Bd7 22. Ra6 Rb8 23. Nb7 Ne3 24. Rxb6 Nxg2 25. Kxg2 Rxb7 0-1


[Site "https://www.chess.com"]

[Event "Titled Tuesday Blitz July 05 Early 2022"]
[White "Ladopoulos, Dimitrios"]
[Black "Cruz Mendez, Jean Marco"]
[WhiteFideId "4239580"]
[BlackFideId "3526402"]
[WhiteElo "2195"]
[BlackElo "2064"]
[Result "0-1"]
[Round "09"]
[TimeControl "180+1"]
[Date "2022.07.05"]
[WhiteClock "0:00:04"]
[BlackClock "0:00:21"]

1. Nf3 d5 2. c4 c6 3. d4 Nf6 4. Nc3 dxc4 5. a4 Bf5 6. e3 e6 7. Bxc4 Bb4 8. O-O O-O 9. Qe2 Bg6 10. Ne5 Nbd7 11. Nxg6 hxg6 12. Rd1 Qe7 13. e4 e5 14. d5 Rfd8 15. dxc6 bxc6 16. Bg5 Nc5 17. h3 Rxd1+ 18. Rxd1 Bxc3 19. bxc3 Nxa4 20. Qd2 Nc5 21. f3 Ncxe4 22. fxe4 Qc5+ 23. Qf2 Qxf2+ 24. Kxf2 Nxe4+ 25. Ke3 Nxg5 26. h4 Ne6 27. Bxe6 fxe6 28. Ke4 a5 29. Kxe5 a4 30. Kxe6 Re8+ 31. Kd7 Re3 32. c4 Rc3 33. Kxc6 Rxc4+ 34. Kb5 Rxh4 35. Rd5 Rg4 36. Rd3 Kh7 37. g3 Kh6 38. Kc5 Kh5 39. Kd5 Rb4 40. Ke6 Rb3 41. Rd5+ g5 42. g4+ Kh4 43. Kf5 a3 44. Ra5 Rf3+ 45. Kg6 Rb3 46. Ra4 Rb6+ 47. Kxg7 a2 48. Rxa2 Kxg4 49. Ra4+ Kh3 50. Ra3+ Kh4 51. Ra1 g4 52. Rh1+ Kg5 53. Rg1 Rb3 54. Kf7 Kf4 55. Ke6 g3 56. Kd5 Kf3 57. Kd4 Kf2 58. Ra1 Rb2 59. Ke4 g2 0-1


[Site "https://www.chess.com"]

[Event "Titled Tuesday Blitz July 05 Early 2022"]
[White "Lashkin, Jegor"]
[Black "Seemann, Jakub"]
[WhiteFideId "13907808"]
[BlackFideId "21874697"]
[WhiteElo "2368"]
[BlackElo "2033"]
[Result "1-0"]
[Round "09"]
[TimeControl "180+1"]
[Date "2022.07.05"]
[WhiteClock "0:02:40"]
[BlackClock "0:02:31"]

1. d4 Nf6 2. c4 e6 3. Nc3 Bb4 4. e3 O-O 5. Bd2 b6 6. Nf3 d5 7. cxd5 exd5 8. Rc1 Bb7 9. Bd3 Bd6 10. Nb5 c5 11. Nxd6 Qxd6 12. dxc5 bxc5 13. O-O Ba6 14. Qc2 Bxd3 15. Qxd3 Nc6 16. Rfd1 Rab8 17. Bc3 Rfd8 18. Bxf6 Qxf6 19. Rxc5 Rxb2 20. Rxd5 Rdb8 21. Rd6 1-0


[Site "https://www.chess.com"]

[Event "Titled Tuesday Blitz July 05 Early 2022"]
[White "Lazavik, Denis"]
[Black "Vakhlamov, Igor L."]
[WhiteFideId "13515110"]
[BlackFideId "24126748"]
[WhiteElo "2437"]
[BlackElo "2401"]
[Result "1-0"]
[Round "09"]
[TimeControl "180+1"]
[Date "2022.07.05"]
[WhiteClock "0:00:51"]
[BlackClock "0:00:08"]

1. d4 d5 2. c4 e6 3. Nf3 Nf6 4. Nc3 c5 5. cxd5 cxd4 6. Qxd4 exd5 7. Bg5 Be7 8. e3 O-O 9. Rd1 Be6 10. Bd3 h6 11. Bh4 Nc6 12. Qa4 Qb6 13. Qb5 Rfd8 14. O-O g5 15. Bg3 Qxb5 16. Nxb5 Rac8 17. Nfd4 Nxd4 18. Nxd4 Ne4 19. Be5 Nd6 20. b3 Bd7 21. Rc1 f6 22. Bxd6 Bxd6 23. Bf5 Rc5 24. Bxd7 Rxd7 25. Rxc5 Bxc5 26. Nf5 Kh7 27. Rc1 Bb6 28. g4 d4 29. Rd1 d3 30. Nd4 Kg6 31. Rxd3 Bxd4 32. Rxd4 Rc7 33. a4 h5 34. h3 hxg4 35. hxg4 b6 36. b4 Rc2 37. b5 Ra2 38. Kg2 Ra3 39. Kf3 Ra2 40. Rc4 Ra3 41. Ke4 Ra2 42. f4 gxf4 43. exf4 Rg2 44. Rc7 Rxg4 45. Rxa7 Rg2 46. Kd5 Rc2 47. Ra6 Ra2 48. Kc6 Rf2 49. Kxb6 Rxf4 50. a5 Rc4 51. Ra8 f5 52. a6 f4 53. a7 Ra4 54. Rg8+ Kf7 55. a8=Q Rxa8 56. Rxa8 f3 57. Ra3 f2 58. Rf3+ 1-0


[Site "https://www.chess.com"]

[Event "Titled Tuesday Blitz July 05 Early 2022"]
[White "Leiva, Gianmarco"]
[Black "Lawson, Eric"]
[WhiteFideId "3804399"]
[BlackFideId "2604116"]
[WhiteElo "2323"]
[BlackElo "2459"]
[Result "0-1"]
[Round "09"]
[TimeControl "180+1"]
[Date "2022.07.05"]
[WhiteClock "0:00:02"]
[BlackClock "0:00:43"]

1. e4 c5 2. Nf3 Nc6 3. d4 cxd4 4. Nxd4 Nf6 5. Nc3 e5 6. Ndb5 d6 7. Bg5 a6 8. Na3 b5 9. Nd5 Be7 10. Bxf6 Bxf6 11. c4 b4 12. Nc2 a5 13. Be2 Bg5 14. O-O O-O 15. Bg4 Be6 16. Bf5 g6 17. Bg4 f5 18. Bh3 Kh8 19. Re1 Ra7 20. Qd3 Raf7 21. exf5 Bxf5 22. Bxf5 gxf5 23. Rad1 Rg7 24. a3 e4 25. Qh3 Ne5 26. Nd4 Qd7 27. axb4 axb4 28. Nxb4 Nxc4 29. Qc3 Ne5 30. Ndc6 Nf3+ 31. Kh1 Bf6 32. Qc4 Nxe1 33. Rxe1 Bxb2 34. Nd4 Rc8 35. Qd5 Rc5 36. Qa8+ Rg8 37. Qa5 Rxa5 0-1


[Site "https://www.chess.com"]

[Event "Titled Tuesday Blitz July 05 Early 2022"]
[White "Livaic, Leon"]
[Black "Leisch, Lukas"]
[WhiteFideId "14531534"]
[BlackFideId "1632094"]
[WhiteElo "2540"]
[BlackElo "2216"]
[Result "1-0"]
[Round "09"]
[TimeControl "180+1"]
[Date "2022.07.05"]
[WhiteClock "0:01:35"]
[BlackClock "0:00:52"]

1. b3 d5 2. Bb2 Bf5 3. e3 e6 4. Nf3 h6 5. Be2 Nf6 6. O-O Be7 7. c4 O-O 8. cxd5 exd5 9. d3 Re8 10. Nbd2 Bh7 11. Re1 a5 12. a3 c6 13. Bf1 Nbd7 14. e4 dxe4 15. dxe4 Nc5 16. e5 Nfe4 17. Nxe4 Bxe4 18. Nd4 Bd5 19. Qc2 Ne6 20. Nf5 Bf8 21. Rad1 Qb6 22. Bc4 Bxc4 23. Qxc4 Qc5 24. Qg4 g6 25. Nd6 Reb8 26. Ne4 Rd8 27. Nxc5 1-0


[Site "https://www.chess.com"]

[Event "Titled Tuesday Blitz July 05 Early 2022"]
[White "Malek, Jan"]
[Black "Jones, Gawain C B"]
[WhiteFideId "21864080"]
[BlackFideId "409561"]
[WhiteElo "2145"]
[BlackElo "2657"]
[Result "1-0"]
[Round "09"]
[TimeControl "180+1"]
[Date "2022.07.05"]
[WhiteClock "0:01:20"]
[BlackClock "0:00:02"]

1. e4 c5 2. Nf3 d6 3. Bb5+ Bd7 4. Bxd7+ Nxd7 5. O-O Ngf6 6. Qe2 Rc8 7. c3 e6 8. d4 d5 9. exd5 Nxd5 10. c4 Ne7 11. d5 exd5 12. cxd5 Nf6 13. Rd1 Qd6 14. Nc3 a6 15. g3 Nh5 16. Ne5 b5 17. Qxh5 g6 18. Qe2 f6 19. Bf4 g5 20. Nf7 Qd7 21. Nxh8 gxf4 22. d6 Bg7 23. Qxe7+ Qxe7 24. dxe7 Kxe7 25. Nd5+ Kf8 26. Nxf4 Bxh8 27. Rd7 Kg8 28. Re1 f5 29. Ree7 Bxb2 30. Ne6 c4 31. Nd8 Ba3 32. Re8+ Bf8 33. Rf7 Rxd8 34. Rfxf8+ Kg7 35. Rxd8 1-0


[Site "https://www.chess.com"]

[Event "Titled Tuesday Blitz July 05 Early 2022"]
[White "Minko, Dmitry"]
[Black "Prokofiev, Valentyn"]
[WhiteFideId "24188468"]
[BlackFideId "14160161"]
[WhiteElo "1928"]
[BlackElo "2142"]
[Result "0-1"]
[Round "09"]
[TimeControl "180+1"]
[Date "2022.07.05"]
[WhiteClock "0:00:03"]
[BlackClock "0:01:16"]

1. e4 c5 2. Nf3 e6 3. d4 cxd4 4. Nxd4 a6 5. Nc3 Qc7 6. a3 b5 7. Be3 Bb7 8. Qd2 Nf6 9. f3 b4 10. Na4 bxa3 11. bxa3 Nc6 12. Bd3 Nxd4 13. Bxd4 Bc6 14. Nb6 Rb8 15. Nc4 Bb5 16. Ne3 Bd6 17. c4 Bc6 18. g3 Rb3 19. Bc2 Rxa3 20. O-O Rxa1 21. Rxa1 Be5 22. Rxa6 O-O 23. Bc5 Rb8 24. f4 Nxe4 25. Bxe4 Bxe4 26. Ba7 Rb1+ 27. Nf1 Qxc4 28. Ra2 Qxf1# 0-1


[Site "https://www.chess.com"]

[Event "Titled Tuesday Blitz July 05 Early 2022"]
[White "Mitrabha, Guha"]
[Black "Kamsky, Gata"]
[WhiteFideId "5057000"]
[BlackFideId "2000024"]
[WhiteElo "2499"]
[BlackElo "2645"]
[Result "0-1"]
[Round "09"]
[TimeControl "180+1"]
[Date "2022.07.05"]
[WhiteClock "0:00:04"]
[BlackClock "0:00:43"]

1. d4 d5 2. Nf3 Nf6 3. c4 c6 4. g3 g6 5. Bg2 Bg7 6. O-O O-O 7. Qb3 Qb6 8. Nc3 Rd8 9. Rd1 Bf5 10. Ne1 dxc4 11. Qxc4 Na6 12. e4 Be6 13. Qa4 Ne8 14. Be3 Qxb2 15. Rdc1 Qb4 16. Qxb4 Nxb4 17. Rab1 Nxa2 18. Nxa2 Bxa2 19. Rxb7 Bxd4 20. Bxd4 Rxd4 21. Nc2 Rd2 22. Nb4 Rb2 23. Ra1 Be6 24. e5 Bd5 25. Bf1 e6 26. Ba6 Bf3 27. h4 c5 28. Nd3 Rxb7 29. Bxb7 Bxb7 30. Nxc5 Bd5 0-1


[Site "https://www.chess.com"]

[Event "Titled Tuesday Blitz July 05 Early 2022"]
[White "Mkrtchian, Lilit"]
[Black "Rozman, Levy"]
[WhiteFideId "13300601"]
[BlackFideId "2039877"]
[WhiteElo "2310"]
[BlackElo "2376"]
[Result "1-0"]
[Round "09"]
[TimeControl "180+1"]
[Date "2022.07.05"]
[WhiteClock "0:00:09"]
[BlackClock "0:00:50"]

1. e4 d5 2. exd5 Nf6 3. Bb5+ Nbd7 4. c4 a6 5. Bxd7+ Qxd7 6. d4 b5 7. b3 Bb7 8. Nf3 e6 9. Ne5 Bb4+ 10. Bd2 Qe7 11. dxe6 fxe6 12. O-O O-O-O 13. Bxb4 Qxb4 14. Nf7 Rhf8 15. Nxd8 Rxd8 16. Qd2 Qd6 17. Nc3 b4 18. Ne2 Qc6 19. f3 a5 20. Qe3 Qb6 21. Rad1 e5 22. Qxe5 Re8 23. Qf5+ Kb8 24. Ng3 g6 25. Qd3 h5 26. Rfe1 Rg8 27. Ne4 Nxe4 28. fxe4 Rd8 29. c5 Qe6 30. d5 Qe5 31. Qd4 Qg5 32. Qc4 c6 33. d6 Ka7 34. e5 Rf8 35. e6 Ba6 36. Qe4 Qxc5+ 37. Kh1 g5 38. e7 Rf4 39. Qe3 Rf1+ 40. Rxf1 Qxe3 41. Rfe1 Be2 42. d7 Qf4 43. Rxe2 1-0


[Site "https://www.chess.com"]